AoeStats
← Jeguinho Rural

Arabia

506752940Analyzed
1v1 RM · 19d ago on Sep 15, 2026· 62m 51s· 2 players
Game mode
Random Map
Map size
Tiny (2 player)
Population
200
Speed
Normal
Resources
Standard
Victory
Conquest
Starting age
Dark Age
Ending age
Imperial Age
RankedLock teamsTeams togetherTeam positionsShared explorationLock speedFull tech treeHidden civsTurbo modeCheats
Victory
Defeat
🇧🇷 Celts · Brazil
998
+16
🇨🇴 Persians · Colombia
1003
-16
Jeguinho Rural
1:01 Loom
11:45 Feudal Age
12:13 Man-at-Arms
13:30 Forging
18:50 Double-Bit Axe
22:39 Castle Age
22:37 Scale Mail Armor
24:08 Iron Casting
22:56 Pikeman
23:46 Gambesons
33:33 Wheelbarrow
35:21 Hand Cart
41:04 Imperial Age
39:53 Chain Mail Armor
41:14 Capped Ram
43:25 Blast Furnace
49:15 Gold Mining
49:39 Bow Saw
51:15 Halberdier
52:36 Plate Mail Armor
54:20 Onager
60:41 Spies/Treason
xXLord_ElrondXx
2:18 Loom
10:43 Feudal Age
11:11 Double-Bit Axe
14:05 Bloodlines
16:28 Town Watch
20:45 Castle Age
20:24 Wheelbarrow
22:32 Town Watch
24:18 Forging
28:28 Bow Saw
29:07 Scale Barding Armor
28:59 Gold Mining
35:47 Imperial Age
35:58 Imperial Age
34:25 Iron Casting
34:40 Fletching
36:20 Chain Barding Armor
36:05 Town Patrol
36:36 Horse Collar
37:48 Ballistics
37:58 Conscription
38:59 Cavalier
39:39 Husbandry
40:16 Plate Barding Armor
41:01 Heavy Plow
42:00 Savar
49:34 Chemistry
49:59 Two-Man Saw
Connection lost

Rejoining the realm…

Still unreachable

The connection could not be restored.

Session expired

The server has moved on; the page needs a fresh start.